 Dungeon Crawl Stone Soup version 0.20.1-1-g8b1a95d (webtiles) character file.

555 cochise the Shield-Bearer (level 7, -1/54 HPs)
             Began as a Minotaur Fighter on Sept 11, 2017.
             Was a Believer of Hepliaklqana.
             Shot with an arrow by a centaur (12 damage)
             ... on level 5 of the Dungeon.
             The game lasted 00:39:34 (3477 turns).

cochise the Shield-Bearer (Minotaur Fighter)        Turns: 3477, Time: 00:39:34

Health: -1/54      AC: 12    Str: 26    XL:     7   Next: 8%
Magic:  6/6        EV:  5    Int:  5    God:    Hepliaklqana [**....]
Gold:   252        SH: 10    Dex: 10    Spells: 6/6 levels left

rFire    . . .     SeeInvis .   A - +1 rapier "Spiderslayer" {pierce, Str+4} (curse)
rCold    . . .     Gourm    .   c - +0 shield
rNeg     . . .     Faith    .   h - +0 plate armour
rPois    .         Spirit   .   (helmet restricted)
rElec    .         Reflect  .   (no cloak)
rCorr    .         Harm     .   (no gloves)
MR       .....                  (no boots)
Stlth    ..........             (no amulet)
Regen    0.2/turn               (no ring)
MPRegen  0.1/turn               (no ring)

@: marked
A: retaliatory headbutt, reduced essence, horns 2
a: Ancestor Life: Knight, Ancestor Life: Battlemage, Ancestor Life: Hexer,
Recall Ancestor, Ancestor Identity, Renounce Religion


You were on level 5 of the Dungeon.
You worshipped Hepliaklqana.
Hepliaklqana was pleased with you.
You were not hungry.

You visited 1 branch of the dungeon, and saw 5 of its levels.

You collected 252 gold pieces.

Inventory:

Hand Weapons
 a - a +0 rapier
 p - a +0 hunting sling
 z - a +2 vampiric dagger
 A - the cursed +1 rapier "Spiderslayer" (weapon) {pierce, Str+4}
   (You found it on level 4 of the Dungeon)

   It inflicts extra damage upon your enemies.
   It affects your strength (+4).
   It has a curse placed upon it.
Missiles
 m - 45 arrows
 q - 120 stones (quivered)
Armour
 c - a +0 shield (worn)
 h - a +0 plate armour (worn)
 i - a +0 helmet
Jewellery
 n - a cursed ring of loudness {unknown}
Wands
 k - a wand of random effects (19/48)
 w - a wand of random effects (18/48)
Scrolls
 e - 2 scrolls of immolation {unknown}
 f - 3 scrolls of fog {unknown}
 j - 2 scrolls of identify {unknown}
 l - a scroll of teleportation {unknown}
 o - 2 scrolls of fear {unknown}
 r - 2 scrolls of random uselessness {unknown}
 y - a scroll of magic mapping {unknown}
 B - 2 scrolls of enchant armour {unknown}
 C - a scroll of enchant weapon {unknown}
Potions
 b - 2 potions of mutation {unknown}
 d - a potion of might
 s - 2 potions of experience {unknown}
 t - a potion of haste {unknown}
 v - 3 potions of curing {unknown}
 x - a potion of flight {unknown}
Comestibles
 g - 2 royal jellies
 u - a bread ration


   Skills:
 + Level 5.0 Fighting
 + Level 5.1 Short Blades
 + Level 5.2 Armour
 + Level 1.0 Dodging
 + Level 0.8 Stealth
 + Level 5.9 Shields


You had 6 spell levels left.
You didn't know any spells.

Dungeon Overview and Level Annotations

Branches:
Dungeon (5/15)
 Temple: D:4-7

Altars:
Ashenzari
Cheibriados
Dithmenos
Elyvilon
Hepliaklqana
Okawaru
Trog
Uskayaw
Xom


Innate Abilities, Weirdness & Mutations

You reflexively headbutt those who attack you in melee.
You have a pair of horns on your head.
Your life essence is reduced to manifest your ancestor. (-10% HP)


Message History

You hit the ogre. Your headbutt misses the ogre.
The ogre is moderately wounded.
The bat hits you but does no damage. x2; The ogre hits you with a giant club!
The centaur shoots an arrow.
The arrow hits you. You block the bat's attack.
Qinisela completely misses the bat.
You are too injured to fight recklessly!
The bat hits you but does no damage.
The centaur shoots an arrow.
The arrow barely misses you.
The orc priest calls down the wrath of Beogh upon you.
Beogh smites you!
* * * LOW HITPOINT WARNING * * *
The ogre hits Qinisela with a giant club.
You block the bat's attack.
The worker ant bites you but does no damage.
Qinisela barely misses the bat.
A zombie and a skeleton come into view.
You see here an arrow.
You barely miss the worker ant. The bat hits you but does no damage.
The centaur shoots an arrow.
The arrow hits you!
You die...

##.#... .#.....
....o #.lo#####
#.o.....# #
#S...##.#.##
#oO.........
#bR.....#
#@a..<..#
#.....#.#
#.......Z.
#.........#
#.#....cZ...
..............
###############


You could see the friendly Qinisela the ancestor, an ogre, a centaur, an iguana,
a worker ant, 2 orc priests, an adder, 2 orcs, a jackal zombie, a bat and a
hound skeleton.

Vanquished Creatures
  An ogre (D:4)
  A hound (D:4)
  Jessica (D:2)
  Robin (D:3)
  3 gnolls (D:3)
  3 adders
  2 oozes (D:1)
  A worm (D:4)
  A dart slug (D:1)
  4 orcs
  5 bats
  5 giant cockroaches
  12 goblins
  8 hobgoblins
  2 frilled lizards (D:3)
  9 kobolds
  8 rats
67 creatures vanquished.

Vanquished Creatures (collateral kills)
  The ghost of Agrougrou the Insei, an amateur OpTm (D:3)
  An ogre (D:4)
  A water moccasin skeleton (D:4)
  An adder skeleton (D:4)
  A worm (D:4)
  A leopard gecko (D:2)
  3 orcs
  A giant cockroach (D:3)
  3 bats (D:2)
  2 frilled lizards (D:3)
  4 goblins
  3 rats
22 creatures vanquished.

Grand Total: 89 creatures vanquished

Notes
Turn   | Place    | Note
-------+----------+-------------------------------------------
     0 | D:1      | cochise the Minotaur Fighter began the quest for the Orb.
     0 | D:1      | Reached XP level 1. HP: 19/19 MP: 0/0
   101 | D:1      | Reached XP level 2. HP: 23/27 MP: 1/1
   613 | D:1      | Reached XP level 3. HP: 33/33 MP: 2/2
   888 | D:2      | Found a hazy altar of Hepliaklqana.
   896 | D:2      | Became a worshipper of Hepliaklqana the Forgotten
   901 | D:2      | Found a bloodstained altar of Trog.
   902 | D:2      | Found a shattered altar of Ashenzari.
   902 | D:2      | Found a snail-covered altar of Cheibriados.
   902 | D:2      | Found an iron altar of Okawaru.
   908 | D:2      | Found a hide-covered altar of Uskayaw.
   909 | D:2      | Found a shimmering altar of Xom.
  1019 | D:2      | Found a shadowy altar of Dithmenos.
  1378 | D:2      | Found a faded altar of an unknown god.
  1592 | D:2      | Reached XP level 4. HP: 36/36 MP: 3/3
  1797 | D:2      | Noticed Jessica
  1813 | D:2      | Killed Jessica
  1970 | D:3      | Noticed Agrougrou's ghost (amateur OpTm)
  1989 | D:3      | Killed Agrougrou's ghost
  1989 | D:3      | Reached skill level 5 in Shields
  1989 | D:3      | Reached XP level 5. HP: 38/42 MP: 4/4
  2010 | D:3      | Reached * piety under Hepliaklqana
  2253 | D:3      | Noticed Robin
  2267 | D:3      | Killed Robin
  2267 | D:3      | Reached XP level 6. HP: 47/47 MP: 5/5
  3045 | D:4      | Reached skill level 5 in Fighting
  3045 | D:4      | Reached skill level 5 in Armour
  3045 | D:4      | Reached skill level 1 in Dodging
  3105 | D:4      | Found a white marble altar of Elyvilon.
  3240 | D:4      | Reached skill level 5 in Short Blades
  3240 | D:4      | Reached XP level 7. HP: 53/54 MP: 6/6
  3248 | D:4      | Got a steaming rapier
  3249 | D:4      | Identified the cursed +1 rapier "Spiderslayer" {pierce, Str+4} (You found it on level 4 of the Dungeon)
  3269 | D:4      | Reached ** piety under Hepliaklqana
  3466 | D:5      | Entered Level 5 of the Dungeon
  3477 | D:5      | Shot with an arrow by a centaur

Skill      XL: |  1  2  3  4  5  6 |
---------------+-------------------+-----
Fighting       | 4 5 |  5.0
Armour         | 4 5 |  5.2
Shields        | 4 5 |  5.9
Short Blades   | 4 5 |  5.1
Dodging        | 1 |  1.0
Stealth        | |  0.8

Action                   |  1- 3 |  4- 6 |  7- 9 || total
-------------------------+-------+-------+-------++-------
Melee: Rapier            |    87 |   130 |    10 ||   227
       Headbutt          |    10 |    20 |     1 ||    31
 Stab: Distracted        |       |     2 |       ||     2
  Eat: Chunk             |     2 |       |       ||     2
       Bread ration      |       |     2 |       ||     2
Armor: Scale mail        |     5 |       |       ||     5
       Ring mail         |     2 |       |       ||     2
       Plate armour      |    34 |    73 |    10 ||   117
Dodge: Dodged            |    17 |    14 |     1 ||    32
Block: Shield            |    49 |    59 |    11 ||   119
